 Dungeon Crawl Stone Soup version 0.26-a0-808-g930a2b7adc (webtiles) character file.

Game seed: 3400042536982280986

132 Riddle the Firebug (level 5, -1/28 HPs)
             Began as a Gargoyle Fire Elementalist on Nov 12, 2020.
             Slain by Grinder (5 damage)
             ... on level 3 of the Dungeon.
             The game lasted 00:04:13 (2572 turns).

Riddle the Firebug (Gargoyle Fire Elementalist)     Turns: 2572, Time: 00:04:14

Health: -1/28      AC:  7    Str: 12    XL:     5   Next: 15%
Magic:  7/9        EV: 13    Int: 16    God:
Gold:   55         SH:  0    Dex: 16    Spells: 9/10 levels left

rFire    . . .     SeeInvis .   o - +0 falchion
rCold    . . .     Faith    .   (no shield)
rNeg     + . .     Spirit   .   a - +0 robe
rPois    ∞         Reflect  .   i - +0 helmet
rElec    +         Harm     .   (no cloak)
rCorr    .         Rampage  .   (no gloves)
MR       .....     Rnd*Tele +   (no boots)
Stlth    ++........             p - amulet of magic regeneration
HPRegen  0.09/turn              k - +6 ring of dexterity
MPRegen  0.36/turn              n - ring of teleportation (curse)

@: no status effects
A: negative energy resistance 1, electricity resistance, unbreathing,
petrification resistance, rot immunity, AC +4
a: no special abilities


You were on level 3 of the Dungeon.
You visited 1 branch of the dungeon, and saw 3 of its levels.

You collected 55 gold pieces.

Inventory:

Hand Weapons
 o - a +0 falchion (weapon)
Armour
 a - a +0 robe (worn)
 i - a +0 helmet (worn)
Jewellery
 k - a +6 ring of dexterity (left hand)
 n - a cursed ring of teleportation (right hand)
 p - an amulet of magic regeneration (around neck)
Scrolls
 b - 2 scrolls of teleportation {unknown}
 d - a scroll of blinking {unknown}
 e - 2 scrolls of remove curse {unknown}
 f - 2 scrolls of amnesia {unknown}
 h - 6 scrolls of identify {unknown}
 j - a scroll of enchant weapon {unknown}
 l - a scroll of random uselessness {unknown}
 m - a scroll of immolation {unknown}
Potions
 c - 2 potions of ambrosia {unknown}
 g - a potion of resistance {unknown}


   Skills:
 + Level 2.1 Dodging
 - Level 2.1 Stealth
 * Level 3.0 Spellcasting
 * Level 3.0 Conjurations
 * Level 3.9 Fire Magic


You had 9 spell levels left.
You knew the following spells:

 Your Spells              Type           Power        Failure   Level
a - Foxfire               Conj/Fire      ##..         4%          1

Your spell library contained the following spells:

 Spells                   Type           Power        Failure   Level
 Conjure Flame            Conj/Fire      ##......     14%         3
 Inner Flame              Hex/Fire       #.......     26%         3
 Sticky Flame             Conj/Fire      ##......     41%         4
 Fireball                 Conj/Fire      ##........   77%         5


Dungeon Overview and Level Annotations

Branches:
Dungeon (3/15)

Altars:
Makhleb

Annotations:
D:3 Grinder


Innate Abilities, Weirdness & Mutations

You are resistant to torment.
Your stone body is resilient. (AC +4)
You are immune to poison.
You resist negative energy. (rN+)
You are resistant to electric shocks. (rElec)
You can survive without breathing.
You are immune to petrification.
You are immune to rotting.


Message History

Grinder gestures at you. Pain shoots through your body!
The foxfire hits Grinder.
Grinder is heavily wounded.
Grinder hits you.
You writhe in agony.
Grinder barely misses you.
The foxfire hits Grinder.
Grinder is heavily wounded.
Grinder gestures at you. Pain shoots through your body!
* * * LOW HITPOINT WARNING * * *
You hear the rapid rusting of a distant drain.
Grinder completely misses you.
Casting: Foxfire (safe; 4% risk of failure)
Confirm with . or Enter, or press ? or * to list all spells.
You conjure some foxfire!
Grinder hits you.
* * * LOW HITPOINT WARNING * * *
The foxfire hits Grinder.
Grinder is severely wounded.
Grinder hits you.
You die...

.. #.# .. #.# #.. ..#.# #.. ##
.#.## ....#.. .>. ...#.# #.#
####.########.#.# #.#
....†...........# #.#########
####†#########.§###.#.......# #.#
#......v@.#.#.......# ###.#
#.####.§#5#.#.......#
##...####.#..#..#.#.#.......#####
...)........(..w.................
...(.######.<#..#.#.#.......#.###
.....# ####......#.......#.###
....## ....#.........###.##.
....# ####......##.#.....##.
##### #..#.#.##.##.#####.


You could see Grinder (fast) and a worm.

Vanquished Creatures
  A worker ant (D:3)
  4 adders
  An ooze (D:2)
  3 worms
  A dart slug (D:2)
  A leopard gecko (D:3)
  2 orcs (D:3)
  4 giant cockroaches
  4 hobgoblins
  4 jackals
  7 kobolds
  A quokka (D:3)
  8 bats
  3 frilled lizards
  6 goblins
  4 rats
54 creatures vanquished.

Vanquished Creatures (others)
  223 foxfires
223 creatures vanquished.

Grand Total: 277 creatures vanquished

Notes
Turn   | Place    | Note
-------+----------+-------------------------------------------
     0 | D:1      | Riddle the Gargoyle Fire Elementalist began the quest for
                  | the Orb.
     0 | D:1      | Reached XP level 1. HP: 10/10 MP: 3/3
   218 | D:1      | Reached XP level 2. HP: 15/15 MP: 1/5
   338 | D:1      | You fall into a shaft and drop 1 floor!
   573 | D:1      | Reached XP level 3. HP: 17/19 MP: 0/6
  1236 | D:2      | Found a burning altar of Makhleb.
  1238 | D:2      | Noticed a balrug
  1242 | D:2      | Noticed a neqoxec
  1242 | D:2      | Noticed a smoke demon
  1492 | D:2      | Reached XP level 4. HP: 24/24 MP: 0/7
  2365 | D:3      | Reached XP level 5. HP: 22/28 MP: 1/9
  2546 | D:3      | Noticed Grinder
  2572 | D:3      | Slain by Grinder

Illustrated notes

Levels and vault maps discovered:
D:1:      dpeg_arrival_fog, layout_rooms
D:2:      minmay_wonky_spiral, layout_rooms, makhleb_altar_promises_db
D:3:      layout_basic, amethyst_overflow_temple_binary,
          gup_sewer_entry_bubbles, uniq_natasha, uniq_grinder

Skill      XL: |  1  2  3  4  5 |
---------------+----------------+-----
Conjurations   | 2 3 |  3.0
Dodging        | 2 |  2.1
Spellcasting   | 3 |  3.0
Stealth        | |  2.1
Fire Magic     | |  3.9

Action                   |  1- 3 |  4- 6 || total
-------------------------+-------+-------++-------
Melee: Unarmed           |    25 |       ||    25
       Falchion          |       |     3 ||     3
 Cast: Foxfire           |    68 |    78 ||   146
Armor: Robe              |    15 |    12 ||    27
Dodge: Dodged            |    37 |    35 ||    72
       Rpst.: Falchion   |       |     8 ||     8

Table legend: (Time is in decaauts)
 A = Elapsed time spent in this place.
 B = Non-inter-level travel time spent in this place.
 C = Inter-level travel time spent in this place.
 D = Time resting spent in this place.
 E = Time spent auto-exploring this place.
 F = Levels seen in this place.
 G = Mean time per level.
                   A        B        C        D        E       F      G
               +--------+--------+--------+--------+--------+-----+--------+
         Total |   2571 |   2500 |     71 |     99 |   1915 |   3 |  857.0 |
       Dungeon |   2571 |   2500 |     71 |     99 |   1915 |   3 |  857.0 |
               +--------+--------+--------+--------+--------+-----+--------+

Top non-repeatable levels by time:
     D:2: 1182 daAuts
     D:1: 800 daAuts
     D:3: 588 daAuts
